 Dungeon Crawl Stone Soup version 0.27-a0-1105-g946c659c87 (webtiles) character file.

Game seed: 15205003790241859506

9095 robertstho the Cleaver (level 11, 0/102 HPs)
             Began as a Tengu Berserker on Apr 29, 2021.
             Was a High Priest of Trog.
             Slain by a minotaur
             ... wielding the +5 flail "Tengu's Death" {venom, *Rage Str+4 Dex+5}
              (17 damage)
             ... in a Gauntlet.
             The game lasted 00:17:41 (12710 turns).

robertstho the Cleaver (Tengu Berserker)           Turns: 12710, Time: 00:17:45

Health: 0/102      AC: 27    Str: 20    XL:     11   Next: 41%
Magic:  12/12      EV: 10    Int: 14    God:    Trog [*****.]
Gold:   183        SH:  0    Dex: 14    Spells: 10/10 levels left

rFire    . . .     SeeInvis .   H - +4 battleaxe (vorpal)
rCold    . . .     Faith    .   (shield currently unavailable)
rNeg     . . .     Spirit   .   L - +13 plate armour "Yklooc" {rElec}
rPois    .         Reflect  .   (helmet restricted)
rElec    +         Harm     .   B - scarf {+Inv}
rCorr    .         Rampage  .   (no gloves)
Will     .....     NoTele   +   (boots unavailable)
Stlth    ..........             c - amulet of the acrobat
HPRegen  0.27/turn              j - +6 ring of intelligence
MPRegen  0.13/turn              (no ring)

@: berserking, lethally poisoned (0 -> -20), flying quickly and evasively, very
quick
A: beak, talons 3, nimble flight
a: Renounce Religion, Evoke Invisibility, Berserk, Trog's Hand, Brothers in Arms


You were in a Gauntlet.
You worshipped Trog.
Trog was extremely pleased with you.
You visited 1 branch of the dungeon, and saw 11 of its levels.
You also visited: Sewer and Gauntlet.

You collected 665 gold pieces.
You spent 482 gold pieces at shops.

Inventory:

Hand Weapons
 o - a +2 scimitar of flaming
 C - a +0 war axe
 H - a +4 vorpal battleaxe (weapon)
 M - a +3 executioner's axe
Missiles
 w - a throwing net
 D - a curare-tipped dart
Armour
 d - a +0 buckler
 l - a scarf of resistance
 B - a scarf of invisibility (worn)
 F - a +0 scale mail of poison resistance
 L - the +13 plate armour "Yklooc" (worn) {rElec}
   (You found it in a Gauntlet)

   It insulates you from electricity.
Jewellery
 a - a ring of poison resistance
 c - an amulet of the acrobat (around neck)
 j - a +6 ring of intelligence (left hand)
 t - a ring of positive energy
Wands
 m - a wand of iceblast (16)
 A - a wand of acid (9)
 E - a wand of mindburst (6)
Scrolls
 f - 2 scrolls of acquirement {unknown}
 h - 2 scrolls of immolation {unknown}
 k - a scroll of summoning {unknown}
 n - 6 scrolls of amnesia {unknown}
 p - a scroll of torment {unknown}
 q - 7 scrolls of teleportation
 s - 5 scrolls of fog {unknown}
 u - 3 scrolls of magic mapping
 v - a scroll of enchant weapon {unknown}
 x - a scroll of silence {unknown}
 y - a scroll of holy word {unknown}
 I - a scroll of enchant armour {unknown}
Potions
 b - 2 potions of might
 e - a potion of invisibility
 g - 5 potions of mutation
 i - 6 potions of curing
 r - 2 potions of heal wounds {unknown}
 z - 2 potions of magic
 G - a potion of attraction
 J - a potion of lignification
 K - a potion of haste
Miscellaneous
 N - a condenser vane


   Skills:
 + Level 7.7 Fighting
 + Level 12.7 Axes
 + Level 9.9 Armour
 + Level 5.4 Dodging
 + Level 2.8 Stealth
 + Level 3.6 Shields


You had 10 spell levels left.
You didn't know any spells.
Your spell library was empty.

Dungeon Overview and Level Annotations

Branches:
Dungeon (11/15)            Temple (0/1) D:4            Lair (0/6) D:10
    Orc (0/2) D:9           Sewer (visited)         Gauntlet (1/1)

Altars:
Hepliaklqana
Okawaru
Sif Muna
Wu Jian
The Shining One

Shops:
D:5 [   D:10 *   D:11 *

Annotations:
Gauntlet 8 transporters, 21 runed translucent doors


Innate Abilities, Weirdness & Mutations

You have a beak for a mouth.
You have claws for feet.
Your magical nature lets you fly swiftly and evasively.


Message History

Found an engraved book.
Found a gate leading back out of this place.
A red film seems to cover your vision as you go berserk!
You feel yourself moving faster!
You feel mighty!
You barely miss the minotaur.
The minotaur furiously retaliates!
The minotaur headbutts you, but does no damage.
You claw the minotaur, but do no damage.
The minotaur hits you with the +5 flail "Tengu's Death" {venom, *Rage Str+4 Dex+5}!!
You are poisoned.
The minotaur gores you!
You barely miss the minotaur.
You claw the minotaur, but do no damage.
Your peck misses the minotaur.
You feel very sick.
The minotaur hits you but does no damage.
You are more poisoned.
The minotaur gores you!
You slice the minotaur!! You peck the minotaur!
The minotaur is heavily wounded.
You feel very sick. The minotaur closely misses you.
The minotaur gores you but does no damage.
You hit the minotaur but do no damage.
The minotaur is heavily wounded.
You feel very sick.
You hit the minotaur but do no damage.
You peck the minotaur, but do no damage.
The minotaur is heavily wounded.
You feel sick.
The minotaur hits you with the +5 flail "Tengu's Death" {venom, *Rage Str+4 Dex+5}!!
* * * LOW HITPOINT WARNING * * *
You are lethally poisoned!
The minotaur barely misses you.
You slash the minotaur!
You peck the minotaur, but do no damage.
The minotaur is severely wounded.
* * * LOW HITPOINT WARNING * * *
You feel very sick.
The minotaur hits you with the +5 flail "Tengu's Death" {venom, *Rage Str+4 Dex+5}!
You die...

###########..8.8.8..#############
#...©.©.©...## #.............#
#.##.##.##.##.# #.##.##.##.##
............# ##.##.##.##.#
#.##.##.##.##.# .......@......#
##.###H#.##.### #.#.##.# #.#.....
#.##.##.# #∩ #.# .# ## ... .#
.##. ## ##


You could see a minotaur.

Vanquished Creatures
  An efreet (Gauntlet)
  2 trolls (D:10)
  10 flying skulls (Gauntlet)
  A wraith (D:10)
  A shadow (D:9)
  6 yaks (D:8)
  A fire elemental (Gauntlet)
  2 steam dragons (D:9)
  3 wargs (D:10)
  Menkaure (D:4)
  An acid dragon (D:9)
  2 hell hounds (Gauntlet)
  An ice beast (D:5)
  A sky beast (D:8)
  3 necrophages
  6 orc warriors
  2 black bears
  A hornet zombie (D:9)
  5 ogres
  3 centaurs
  3 kobold brigands
  4 scorpions
  2 bullfrogs (D:7)
  2 wyvern zombies (D:7)
  3 water moccasin skeletons
  3 wights (D:8)
  3 howler monkeys (D:7)
  2 centaur zombies
  3 orc priests
  4 jellies
  A gnoll shaman (D:7)
  2 hounds (D:5)
  A bullfrog skeleton (D:6)
  Jessica (D:3)
  An iguana (D:7)
  Ijyb (D:4)
  A scorpion zombie (D:5)
  14 orc wizards
  A hound skeleton (D:4)
  Robin (D:3)
  5 gnolls
  7 adders
  A river rat (D:3)
  A shadow imp (D:7)
  3 white imps (D:6)
  An adder zombie (D:5)
  2 worms
  2 dart slugs (D:2)
  41 orcs
  5 bats
  11 endoplasms
  6 giant cockroaches
  14 goblins
  7 hobgoblins
  6 jackals
  17 kobolds
  5 quokkas
  14 ball pythons
  6 frilled lizards
  11 rats
271 creatures vanquished.

Vanquished Creatures (collateral kills)
  4 flying skulls (Gauntlet)
4 creatures vanquished.

Vanquished Creatures (others)
  A fungus (Sewer)
  7 plants
8 creatures vanquished.

Grand Total: 283 creatures vanquished

Notes
Turn   | Place    | Note
-------+----------+-------------------------------------------
     0 | D:1      | robertstho the Tengu Berserker began the quest for the Orb.
     0 | D:1      | Reached XP level 1. HP: 14/14 MP: 2/2
   336 | D:1      | Reached XP level 2. HP: 4/19 MP: 3/3
   747 | D:1      | Reached XP level 3. HP: 23/23 MP: 4/4
  1415 | D:2      | Noticed a necrophage
  1428 | D:2      | Killed a necrophage
  1429 | D:2      | Reached skill level 4 in Axes
  1429 | D:2      | Reached skill level 1 in Stealth
  1429 | D:2      | Reached XP level 4. HP: 20/29 MP: 5/5
  1429 | D:2      | Gained mutation: Your magical nature lets you fly swiftly
                  | and evasively. [Tengu growth]
  1429 | D:2      | Reached XP level 5. HP: 23/33 MP: 6/6
  1617 | D:2      | Reached ** piety under Trog
  1786 | D:2      | Found a faded altar of an unknown god.
  2280 | D:2      | Found an iron altar of Okawaru.
  2505 | D:3      | Found a glowing drain.
  2528 | Sewer    | Entered a sewer
  2711 | Sewer    | Noticed a kobold brigand
  2720 | Sewer    | Reached *** piety under Trog
  2725 | Sewer    | Killed a kobold brigand
  2726 | Sewer    | Reached skill level 5 in Axes
  2726 | Sewer    | Reached XP level 6. HP: 21/38 MP: 7/7
  3078 | D:3      | Noticed Robin
  3089 | D:3      | Killed Robin
  3123 | D:3      | Reached skill level 1 in Shields
  3326 | D:3      | Reached XP level 7. HP: 38/43 MP: 8/8
  3479 | D:3      | Found a shimmering blue altar of Sif Muna.
  3854 | D:3      | Noticed Jessica
  3859 | D:3      | Killed Jessica
  4324 | D:4      | Reached **** piety under Trog
  4325 | D:4      | Reached skill level 6 in Axes
  4423 | D:4      | Noticed Ijyb
  4431 | D:4      | Killed Ijyb
  4609 | D:4      | Noticed Menkaure
  4615 | D:4      | Killed Menkaure
  4616 | D:4      | Reached XP level 8. HP: 48/48 MP: 9/9
  4756 | D:4      | Found an ornate altar of the Wu Jian Council.
  4814 | D:4      | Found a staircase to the Ecumenical Temple.
  5035 | D:4      | Found a glowing golden altar of the Shining One.
  5097 | D:5      | Entered Level 5 of the Dungeon
  5239 | D:5      | Reached skill level 7 in Axes
  5416 | D:5      | Found Vaeste's Antique Armour Emporium.
  5557 | D:5      | Reached skill level 5 in Fighting
  5557 | D:5      | Reached skill level 5 in Armour
  5844 | D:5      | Reached skill level 8 in Axes
  6581 | D:6      | Reached XP level 9. HP: 41/54 MP: 10/10
  7499 | D:5      | Bought a runed scarf for 248 gold pieces
  7710 | D:7      | Found a hazy altar of Hepliaklqana.
  7766 | D:7      | Reached skill level 9 in Axes
  8989 | D:8      | Reached skill level 5 in Dodging
  9290 | D:8      | Reached ***** piety under Trog
  9824 | D:8      | Reached skill level 10 in Axes
  9824 | D:8      | Reached XP level 10. HP: 60/60 MP: 11/11
  9934 | D:9      | Found a staircase to the Orcish Mines.
 10254 | D:9      | Received a gift from Trog
 10440 | D:9      | Reached skill level 11 in Axes
 11225 | D:10     | Entered Level 10 of the Dungeon
 11331 | D:10     | Found a staircase to the Lair.
 11811 | D:10     | Found Gedgh's General Store.
 11815 | D:10     | Bought a potion of lignification for 39 gold pieces
 11815 | D:10     | Bought a scroll of teleportation for 39 gold pieces
 11815 | D:10     | Bought a scroll of identify for 26 gold pieces
 11815 | D:10     | Bought a potion of haste for 130 gold pieces
 12056 | D:10     | Reached XP level 11. HP: 62/67 MP: 12/12
 12240 | D:11     | Found Korinifocw's General Store.
 12250 | D:11     | Found a gate leading to a gauntlet.
 12254 | Gauntlet | Entered a Gauntlet
 12254 | Gauntlet | Found a transporter.
 12265 | Gauntlet | Found a transporter.
 12266 | Gauntlet | Noticed a wretched star
 12288 | Gauntlet | Found a transporter.
 12289 | Gauntlet | Found a transporter.
 12291 | Gauntlet | Found a large runed translucent door.
 12292 | Gauntlet | Found a large runed translucent door.
 12293 | Gauntlet | Found a large runed translucent door.
 12293 | Gauntlet | Found a large runed translucent door.
 12293 | Gauntlet | Found a runed translucent door.
 12294 | Gauntlet | Found a large runed translucent door.
 12295 | Gauntlet | Found a large runed translucent door.
 12296 | Gauntlet | Found a large runed translucent door.
 12296 | Gauntlet | Found a large runed translucent door.
 12297 | Gauntlet | Found a runed translucent gate.
 12310 | Gauntlet | Noticed a moth of wrath
 12314 | Gauntlet | Found a transporter.
 12314 | Gauntlet | Found a runed translucent gate.
 12315 | Gauntlet | Found a runed translucent gate.
 12317 | Gauntlet | Found a large runed translucent door.
 12318 | Gauntlet | Found a large runed translucent door.
 12330 | Gauntlet | Found a transporter.
 12330 | Gauntlet | Found a runed translucent gate.
 12330 | Gauntlet | Found a runed translucent gate.
 12331 | Gauntlet | Found a large runed translucent door.
 12332 | Gauntlet | Found a runed translucent gate.
 12335 | Gauntlet | Found a large runed translucent door.
 12336 | Gauntlet | Found a large runed translucent door.
 12336 | Gauntlet | Found a large runed translucent door.
 12336 | Gauntlet | Found a runed translucent door.
 12337 | Gauntlet | Found a large runed translucent door.
 12338 | Gauntlet | Found a large runed translucent door.
 12339 | Gauntlet | Found a transporter.
 12343 | Gauntlet | Found a transporter.
 12370 | Gauntlet | Noticed a wretched star
 12371 | Gauntlet | Found a transporter.
 12405 | Gauntlet | Noticed a death drake
 12406 | Gauntlet | Found a transporter.
 12406 | Gauntlet | Found a transporter.
 12413 | Gauntlet | Found a transporter.
 12473 | Gauntlet | Reached skill level 12 in Axes
 12489 | Gauntlet | Identified the +13 plate armour "Yklooc" {rElec}
 12590 | Gauntlet | Received a gift from Trog
 12703 | Gauntlet | Identified the +5 flail "Tengu's Death" {venom, *Rage Str+4
                  | Dex+5}
 12703 | Gauntlet | Noticed a minotaur
 12710 | Gauntlet | Slain by a minotaur

Illustrated notes

Levels and vault maps discovered:
D:1:      zaba_arrival_water, layout_loops_ring,
          corexii_item_surrounded_by_moat, minmay_pentomino_r2
D:2:      layout_basic, basic_altar, chequers_ecumenical_altar_twisty,
          serial_bayou, serial_bayou_shore_a, serial_bayou_shore_b,
          serial_bayou_crossing, serial_bayou_pond_e, minmay_misc_feat_rugged,
          kennysheep_doodads, grunt_ministairs_6, st_stairs_5
D:3:      layout_loops_corners, amcnicky_altar_gilded, portal_sewer_entry_c,
          minmay_fractal_squares_gapless_5, uniq_robin, uniq_jessica
D:4:      layout_loops_ring, kennysheep_mini_moat, tso_altar,
          minmay_temple_entry_glassed_door, uniq_menkaure, uniq_ijyb
D:5:      layout_loops_ring, serial_shops, shop_fountains
D:6:      layout_rooms, kennysheep_generic_room_8
D:7:      layout_layer_cave, general_overflow_altar
D:8:      layout_basic
D:9:      layout_stronghold, orc_0_dummy
D:10:     layout_irregular_city, erik_lair_orcish_takeover, serial_shops,
          nicolae_shop_window_shopping
D:11:     layout_roguey, gauntlet_entry_generic, serial_shops,
          nicolae_shop_behind_doors
Gauntlet: minmay_gauntlet_mixed_oops_all_seconds
          [minmay_gauntlet_arena_77_double_cross, nicolae_gauntlet_arena_x,
          minmay_gauntlet_arena_77_box, gammafunk_gauntlet_arena_corners,
          minmay_gauntlet_arena_77_run_for_it,
          minmay_gauntlet_arena_make_your_own_arena, gauntlet_exit_green]

Skill      XL: |  1  2  3  4  5  6  7  8  9 10 11 |
---------------+----------------------------------+-----
Axes           | 4 5 6 8 10 11 12 | 12.7
Dodging        | 3 4 5 |  5.4
Stealth        | 1 2 |  2.8
Fighting       | 4 5 7 |  7.7
Armour         | 3 4 5 8 9 |  9.9
Shields        | 1 2 3 |  3.6

Action                   |  1- 3 |  4- 6 |  7- 9 | 10-12 || total
-------------------------+-------+-------+-------+-------++-------
Melee: Hand axe          |    55 |   147 |   327 |       ||   529
       Kick              |    16 |    36 |   112 |    34 ||   198
       Peck              |     8 |    21 |    70 |    28 ||   127
       War axe           |       |       |    41 |    41 ||    82
       Battleaxe         |       |       |       |   132 ||   132
Invok: Berserk           |     2 |     3 |    10 |     5 ||    20
       Brothers in Arms  |       |       |       |     1 ||     1
  Use: Scroll            |       |       |     7 |     5 ||    12
 Stab: Sleeping          |     2 |       |       |       ||     2
Armor: Animal skin       |     7 |       |       |       ||     7
       Ring mail         |     1 |    30 |       |       ||    31
       Chain mail        |       |    22 |   101 |       ||   123
       Storm dragon scal |       |       |    23 |    65 ||    88
       Plate armour      |       |       |       |    37 ||    37
Dodge: Dodged            |    27 |    76 |   143 |   110 ||   356
Block: Buckler           |     6 |    18 |    74 |     6 ||   104

Table legend: (Time is in decaauts)
 A = Elapsed time spent in this place.
 B = Non-inter-level travel time spent in this place.
 C = Inter-level travel time spent in this place.
 D = Time resting spent in this place.
 E = Time spent auto-exploring this place.
 F = Levels seen in this place.
 G = Mean time per level.
                   A        B        C        D        E       F      G
               +--------+--------+--------+--------+--------+-----+--------+
         Total |  12241 |  11886 |    355 |   1424 |   8748 |  13 |  941.6 |
       Dungeon |  11318 |  10963 |    355 |   1283 |   8239 |  11 | 1028.9 |
         Sewer |    481 |    481 |      0 |     33 |    317 |   1 |  481.0 |
      Gauntlet |    441 |    441 |      0 |    107 |    191 |   1 |  441.0 |
               +--------+--------+--------+--------+--------+-----+--------+

Top non-repeatable levels by time:
     D:1: 1359 daAuts
     D:5: 1265 daAuts
     D:9: 1242 daAuts
     D:7: 1192 daAuts
     D:3: 1162 daAuts
     D:2: 1122 daAuts
     D:6: 1101 daAuts
     D:8: 1042 daAuts
    D:10: 962 daAuts
     D:4: 850 daAuts
   Sewer: 481 daAuts
Gauntlet: 441 daAuts
    D:11: 18 daAuts
